 Dungeon Crawl Stone Soup version 0.31-a0-845-g9abc20d24f (webtiles) character file.

Game seed: 3957603617053082418

161 BinkBink the Shooter (level 5, 0/36 HPs)
             Began as an Octopode Hunter on Oct 1, 2023.
             Slain by Grinder (1 damage)
             ... on level 3 of the Dungeon.
             The game lasted 00:03:32 (2181 turns).

BinkBink the Shooter (Octopode Hunter)              Turns: 2181, Time: 00:03:33

Health: 0/36       AC:  1    Str: 10    XL:     5   Next: 42%
Magic:  5/5        EV: 13    Int: 12    God:
Gold:   137        SH:  0    Dex: 17    Spells: 4/4 levels left

rFire   . . .        a - +0 shortbow
rCold   . . .        (shield currently unavailable)
rNeg    . . .        (helmet restricted)
rPois   .            j - amulet of faith
rElec   .            (no ring)
rCorr   .            (no ring)
SInv    .            (no ring)
Will    .....        (no ring)
Stlth   +++          (no ring)
HPRegen 0.26/turn    (no ring)
MPRegen 0.09/turn    (no ring)
                     (no ring)

%: faith
@: no status effects
A: almost no armour, amphibious, 8 rings, camouflage 1, gelatinous body 1,
(nimble swimmer 1), tentacles
a: no special abilities


You were on level 3 of the Dungeon.
You visited 1 branch of the dungeon, and saw 3 of its levels.

You collected 137 gold pieces.

Inventory:

Hand Weapons
 a - a +0 shortbow (weapon)
Jewellery
 f - a ring of fire
 j - an amulet of faith (around mantle)
 q - a ring of positive energy
Scrolls
 b - a scroll of butterflies
 c - 2 scrolls of identify {unknown}
 d - a scroll of fog {unknown}
 h - 2 scrolls of vulnerability {unknown}
 i - a scroll of enchant armour {unknown}
 k - a scroll of noise {unknown}
 n - a scroll of teleportation {unknown}
 o - a scroll of blinking {unknown}
 p - a scroll of enchant weapon {unknown}
Potions
 g - a potion of brilliance {unknown}
 l - 2 potions of resistance {unknown}
 m - a potion of haste {unknown}


   Skills:
 + Level 3.5 Fighting
 * Level 5.8 Ranged Weapons
 - Level 2.0 Dodging
 - Level 1.3 Stealth


You had 4 spell levels left.
You didn't know any spells.
Your spell library contained the following spells:

 Spells                   Type           Power      Damage    Failure   Level
 Blink                    Tloc           0%         N/A       45%         2
 Cigotuvi's Dreadful Rot  Necr/Pois/Air  0%         N/A       45%         2
 Lesser Beckoning         Tloc           0%         N/A       45%         2
 Momentum Strike          Conj/Tloc      0%         3d8       45%         2
 Ignite Poison            Fire/Tmut/Pois 0%         N/A       69%         3
 Freezing Cloud           Conj/Ice/Air   0%         6-21      100%        5


Dungeon Overview and Level Annotations

Branches:
Dungeon (3/15)

Altars:

Shops:
D:1 ([[(!

Annotations:
D:3 1 transporter, Grinder; temujin's ghost, amateur DECj


Innate Abilities, Weirdness & Mutations

You cannot wear most types of armour.
You are amphibious.
You can wear up to eight rings at the same time.
Your skin changes colour to match your surroundings (Stealth+).
Your rubbery body absorbs attacks. (AC +1, EV +1)
((You are camouflaged when in or above water. (Stealth+)))
You have tentacles for arms and can constrict up to eight enemies at once.


Message History

You shoot an arrow. The arrow hits Grinder!
Grinder is moderately wounded.
Grinder hits you.
You shoot an arrow. The arrow hits Grinder.
Grinder is heavily wounded.
Grinder gestures at you.
You barely resist. You shoot an arrow. The arrow completely misses Grinder.
Grinder closely misses you.
You shoot an arrow.
The arrow hits Grinder but does no damage.
Grinder is heavily wounded.
Grinder hits you but does no damage.
You shoot an arrow. The arrow closely misses Grinder.
Grinder gestures at you.
You barely resist. Grinder hits you.
You writhe in agony.
You are too injured to fight recklessly!
You are too injured to fight recklessly!
You are too injured to fight recklessly!
You are too injured to fight recklessly!
Fire: a) +0 shortbow
Press: ? - help, Q - select action Shift-Dir - straight line, f/p - Grinder
Aim: Grinder (heavily wounded, 60% to hit)
You shoot an arrow. The arrow hits Grinder.
Grinder is heavily wounded.
Grinder hits you.
Fire: a) +0 shortbow
Press: ? - help, Q - select action Shift-Dir - straight line, f/p - Grinder
Aim: Grinder (heavily wounded, 60% to hit)
You shoot an arrow. The arrow hits Grinder.
Grinder is heavily wounded.
Grinder hits you.
* * * LOW HITPOINT WARNING * * *
You writhe in agony.
* * * LOW HITPOINT WARNING * * *
You feel better. Grinder hits you.
* * * LOW HITPOINT WARNING * * *
You writhe in agony.
You die...
Grinder says, "Now the real fun starts!"

......ยง........
............# #.#....
#.#...# #.#...# #
#.#...#.#..#
#.#...#.#..#
#####.#.#...#..# #
#....@#........##.#
#....5............
#.#####.###.#..##.#.#.
#.#####.###..)........
...............# #.#.
###########.##.# #.#.
#.##.# ##.#. #.##.#
#.... #.##.####...


You could see Grinder.

Vanquished Creatures
  An orc wizard (D:3)
  5 adders
  A gnoll (D:1)
  A worm (D:2)
  A dart slug (D:3)
  7 orcs
  3 endoplasms (D:1)
  4 giant cockroaches (D:1)
  9 goblins
  7 hobgoblins
  5 jackals
  7 kobolds
  2 quokkas
  4 ball pythons
  3 bats (D:1)
  2 frilled lizards
  5 rats
67 creatures vanquished.

Notes
Turn   | Place    | Note
-------+----------+-------------------------------------------
     0 | D:1      | BinkBink the Octopode Hunter began the quest for the Orb.
     0 | D:1      | Reached XP level 1. HP: 14/14 MP: 1/1
    68 | D:1      | Found Tivaofef's Distillery.
   106 | D:1      | Reached XP level 2. HP: 19/19 MP: 2/2
   111 | D:1      | Found a transporter.
   111 | D:1      | Found Meluqo's Antique Weapon Shoppe.
   224 | D:1      | Found a transporter.
   367 | D:1      | Reached XP level 3. HP: 25/25 MP: 3/3
   496 | D:1      | Found Sourgh's Antique Armour Shoppe.
   583 | D:1      | Found Emakon's Armour Shop.
   701 | D:1      | Found Pegasch's Antique Weapon Shop.
   802 | D:2      | Reached skill level 5 in Ranged Weapons
   964 | D:2      | Reached XP level 4. HP: 30/30 MP: 4/4
  1695 | D:3      | Reached XP level 5. HP: 24/36 MP: 5/5
  2024 | D:3      | Found a transporter.
  2025 | D:3      | Noticed an ogre
  2030 | D:3      | Noticed temujin's ghost (amateur DECj)
  2158 | D:3      | Noticed Grinder
  2180 | D:3      | HP: 1/36 [Grinder (6)]
  2181 | D:3      | Slain by Grinder

Illustrated notes

Levels and vault maps discovered:
D:1:      ldierk_walled_garden_2, layout_basic, serial_shops,
          nicolae_shop_drivethru, shop, shop, nicolae_shop_real_fake_doors,
          nicolae_square_shop, serial_curves, eino_curves_01, eino_curves_04,
          minmay_misc_feat_rugged, st_stairs_14, minmay_bisected
D:2:      layout_basic
D:3:      layout_basic, gammafunk_ghost_smash, minmay_pentangle, uniq_grinder

Skill      XL: |  1  2  3  4 |
---------------+-------------+-----
Ranged Weapons | 5 |  5.8
Fighting       | 3 |  3.5
Dodging        | |  2.0
Stealth        | |  1.3

Action                     |  1- 3 |  4- 6 || total
---------------------------+-------+-------++-------
   Fire: Shortbow          |   115 |   108 ||   223
    Use: Potion            |       |     2 ||     2
 Armour: Skin              |    15 |    25 ||    40
  Dodge: Dodged            |    36 |    29 ||    65

Table legend: (Time is in decaauts)
 A = Elapsed time spent in this place.
 B = Non-inter-level travel time spent in this place.
 C = Inter-level travel time spent in this place.
 D = Time resting spent in this place.
 E = Time spent auto-exploring this place.
 F = Levels seen in this place.
 G = Mean time per level.
                   A        B        C        D        E       F      G
               +--------+--------+--------+--------+--------+-----+--------+
         Total |   2216 |   2064 |    152 |      0 |   1682 |   3 |  738.7 |
       Dungeon |   2216 |   2064 |    152 |      0 |   1682 |   3 |  738.7 |
               +--------+--------+--------+--------+--------+-----+--------+

Top non-repeatable levels by time:
     D:2: 899 daAuts
     D:1: 878 daAuts
     D:3: 438 daAuts
